 Dungeon Crawl Stone Soup version 0.30.1-3-gfc49f6343a (webtiles) character file.

Game seed: 2768097382686008384

44 boopmooplesden the Twirler (level 3, -2/27 HPs)
             Began as a Demonspawn Gladiator on July 30, 2023.
             Slain by an adder (3 damage)
             ... on level 2 of the Dungeon.
             The game lasted 00:01:31 (1245 turns).

boopmooplesden the Twirler (Demonspawn Gladiator)   Turns: 1245, Time: 00:01:31

Health: -2/27      AC:  4    Str: 16    XL:     3   Next: 41%
Magic:  3/3        EV: 12    Int:  9    God:
Gold:   95         SH:  0    Dex: 14    Spells: 2/2 levels left

rFire   . . .        a - +0 quarterstaff
rCold   . . .        (shield currently unavailable)
rNeg    . . .        b - +0 leather armour
rPois   .            c - +0 helmet
rElec   .            (no cloak)
rCorr   .            (no gloves)
SInv    .            (no boots)
Will    .....        (no amulet)
Stlth   +            (no ring)
HPRegen 0.24/turn    (no ring)
MPRegen 0.08/turn

%: no passive effects
@: no status effects
A: demonic magic 1
a: no special abilities


You were on level 2 of the Dungeon.
You visited 1 branch of the dungeon, and saw 2 of its levels.

You collected 95 gold pieces.

Inventory:

Hand Weapons
 a - a +0 quarterstaff (weapon)
Missiles
 e - a javelin (quivered)
 i - 6 silver javelins
Armour
 b - a +0 leather armour (worn)
 c - a +0 helmet (worn)
 h - an orb of mayhem
Scrolls
 g - a scroll of blinking
Potions
 j - a potion of attraction {unknown}
 k - a potion of mutation {unknown}
 l - a potion of curing {unknown}


   Skills:
 + Level 2.2 Fighting
 + Level 3.5 Staves
 + Level 1.8 Throwing
 + Level 0.6 Armour
 + Level 3.0 Dodging


You had 2 spell levels left.
You didn't know any spells.
Your spell library was empty.

Dungeon Overview and Level Annotations

Branches:
Dungeon (2/15)

Altars:


Innate Abilities, Weirdness & Mutations

Spells you cast may paralyse adjacent enemies.


Message History

The adder closely misses you.
Throw: 3 throwing nets
Press: ? - help, Q - select action, (/) - cycle Shift-Dir - straight line, f - adder
Aim: an adder (heavily wounded, 40% to hit)
You throw a throwing net.
The throwing net completely misses the adder.
The adder bites you but does no damage.
Throw: 2 throwing nets
Press: ? - help, Q - select action, (/) - cycle Shift-Dir - straight line, f/p - adder
Aim: an adder (heavily wounded, 40% to hit)
You throw a throwing net. The throwing net misses the adder.
The adder bites you.
You are poisoned.
The adder poisons you!
Throw: throwing net
Press: ? - help, Q - select action, (/) - cycle Shift-Dir - straight line, f/p - adder
Aim: an adder (heavily wounded, 40% to hit)
You throw a throwing net. The throwing net hits the adder.
The adder is caught in the net!
The adder is heavily wounded.
You feel sick.
The adder struggles against the net.
You hit the adder.
The adder is heavily wounded.
You feel sick.
The adder struggles against the net. x2
You barely miss the adder.
The adder is heavily wounded.
You feel sick.
You are no longer poisoned.
The adder struggles against the net.
The net rips apart, and the adder comes free!
You closely miss the adder.
The adder is heavily wounded.
The adder bites you.
* * * LOW HITPOINT WARNING * * *
The adder bites you.
* * * LOW HITPOINT WARNING * * *
You hit the adder but do no damage.
The adder is heavily wounded.
The adder bites you.
You die...

..#.##... #......#
#......#
########.##..>#..
#...............#
...###.##..##..#. .
##.#..###...
....#####..#.####..#
(.....S@..##†##....# .
........####.##.#..##...
......#....#.##...<.....
......####.†....†)...#..
.................#..##
.......................
.... .####.###.....###..
#.## #.. #......# . #.#
.......#


You could see an adder.

Vanquished Creatures
  An adder (D:2)
  2 dart slugs (D:1)
  5 endoplasms
  A giant cockroach (D:1)
  2 hobgoblins (D:1)
  3 jackals (D:1)
  2 quokkas (D:1)
  2 ball pythons (D:1)
  5 bats
  2 frilled lizards (D:2)
  A goblin (D:2)
  3 kobolds (D:1)
29 creatures vanquished.

Notes
Turn   | Place    | Note
-------+----------+-------------------------------------------
     0 | D:1      | boopmooplesden the Demonspawn Gladiator began the quest for
                  | the Orb.
     0 | D:1      | Reached XP level 1. HP: 16/16 MP: 1/1
   342 | D:1      | Gained mutation: Spells you cast may paralyse adjacent
                  | enemies. [demonic ancestry]
   342 | D:1      | Reached XP level 2. HP: 22/22 MP: 2/2
   926 | D:1      | Reached XP level 3. HP: 14/27 MP: 3/3
  1244 | D:2      | HP: 1/27 [adder (3)]
  1245 | D:2      | Slain by an adder

Illustrated notes

Levels and vault maps discovered:
D:1:      kennysheep_arrival_seaside, layout_basic, minmay_statues_item,
          minmay_liquid_box
D:2:      layout_rooms, kennysheep_generic_room_11, uniq_terence

Skill      XL: |  1  2 |
---------------+-------+-----
Staves         | 3 |  3.5
Dodging        | 3 |  3.0
Fighting       | |  2.2
Throwing       | |  1.8
Armour         | |  0.6

Action                     || total
---------------------------++-------
  Melee: Quarterstaff      ||   109
  Throw: Throwing net      ||     3
    Use: Scroll            ||     2
 Armour: Leather armour    ||    51
  Dodge: Dodged            ||    98
